ESL (28 & UNDER)
INTERCOURSE AMISH @ RIO GRANDE RATTLESNAKE
06/22/2030
 
TOP OF THE 1ST
Intercourse Amish batting - Pitching for Rio Grande Rattlesnake : RHP Alejandro Guzmán
Pitching: RHP Alejandro Guzmán
Batting: LHB Carlos De La Rosa 0-0: Called Strike
0-1: Ball
1-1: Called Strike
1-2: Foul Ball, location: 2F
1-2: Hit by Pitch
Batting: RHB Holden Davis 0-0: Called Strike
0-1: Ball
1-1: SINGLE (Line Drive, 89S)
Carlos De La Rosa to second
Runner from 2nd tries for 3rd, SAFE, no throw
Batting: RHB Júlio Serra 0-0: SINGLE (Groundball, 34D)
Carlos De La Rosa scores
Holden Davis to second
Batting: RHB Gustavo Rodríguez 0-0: Called Strike
0-1: Ball
1-1: Fly out, F9 (Flyball, 9D)
Batting: RHB Frank Maxwell 0-0: Ball
1-0: Fly out, F8 (Flyball, 89M)
Batting: SHB Conan Hanson 0-0: Ball
1-0: SINGLE (Groundball, 4MS) (infield hit)
Holden Davis to third
Júlio Serra to second
Batting: LHB Bruce Foster 0-0: Called Strike
0-1: Ball
1-1: Called Strike
1-2: Strikes out swinging
Top of the 1st over - 1 run, 3 hits, 0 errors, 3 left on base; Intercourse 1 - Rio Grande 0
BOTTOM OF THE 1ST
Rio Grande Rattlesnake batting - Pitching for Intercourse Amish : RHP Andrés Ruíz
Pitching: RHP Andrés Ruíz
Batting: LHB Alberto Roberts 0-0: Swinging Strike
0-1: Called Strike
0-2: Strikes out swinging
Batting: RHB David Suarze 0-0: Ball
1-0: Ball
2-0: Ball
3-0: Called Strike
3-1: Base on Balls
Batting: RHB Jeff Bane 0-0: Called Strike
Throwing error on steal attempt, E2
David Suarze to third
0-1: Called Strike
0-2: Ground out 6-3 (Groundball, 6)
David Suarze scores
Batting: LHB Claudio Rodríguez 0-0: Called Strike
0-1: Foul Ball, location: 2F
0-2: Ball
1-2: Ball
2-2: SOLO HOME RUN (Flyball, 89XD), Distance : 372 ft
Batting: RHB Gary Thomas 0-0: Ball
1-0: Ball
2-0: Called Strike
2-1: Foul Ball, location: 2F
2-2: Fly out, F7 (Flyball, 7LMF)
Bottom of the 1st over - 2 runs, 1 hit, 1 error, 0 left on base; Intercourse 1 - Rio Grande 2
TOP OF THE 2ND
Intercourse Amish batting - Pitching for Rio Grande Rattlesnake : RHP Alejandro Guzmán
Batting: SHB Sean Moody 0-0: Ball
1-0: Foul Ball, location: 2F
1-1: Ball
2-1: Ball
3-1: Called Strike
3-2: Foul Ball, location: 2F
3-2: Strikes out looking
Batting: RHB Curt Wagner 0-0: Ball
1-0: Fly out, F4 (Popup, 4S)
Batting: LHB Carlos De La Rosa 0-0: Called Strike
0-1: SINGLE (Line Drive, 56D)
Batting: RHB Holden Davis 0-0: Ball
1-0: Ball
2-0: Foul Ball, location: 2F
2-1: Reached via error on a dropped throw, E3
Carlos De La Rosa to second
Batting: RHB Júlio Serra 0-0: Called Strike
0-1: Ball
1-1: Ground out 5-3 (Groundball, 25)
Top of the 2nd over - 0 runs, 1 hit, 1 error, 2 left on base; Intercourse 1 - Rio Grande 2
BOTTOM OF THE 2ND
Rio Grande Rattlesnake batting - Pitching for Intercourse Amish : RHP Andrés Ruíz
Batting: SHB Arnold Moore 0-0: Ball
1-0: SOLO HOME RUN (Flyball, 9LD), Distance : 347 ft
Batting: LHB Pedro Díaz 0-0: Ball
1-0: Foul Ball, location: 2F
1-1: Ball
2-1: Foul Ball, location: 2F
2-2: SINGLE (Flyball, 8LS)
Batting: RHB Doug Delaney 0-0: Grounds into double play, 4-6-3 (Groundball, 34)
Batting: RHB Derek Hartman 0-0: Called Strike
0-1: Called Strike
0-2: Ball
1-2: Ball
2-2: SOLO HOME RUN (Line Drive, 8RXD), Distance : 421 ft
Batting: LHB Alberto Roberts 0-0: Ball
1-0: Ball
2-0: Fly out, F9 (Flyball, 89S)
Bottom of the 2nd over - 2 runs, 3 hits, 0 errors, 0 left on base; Intercourse 1 - Rio Grande 4
TOP OF THE 3RD
Intercourse Amish batting - Pitching for Rio Grande Rattlesnake : RHP Alejandro Guzmán
Batting: RHB Gustavo Rodríguez 0-0: Ball
1-0: Foul Ball, location: 2F
1-1: Foul Ball, location: 2F
1-2: SINGLE (Groundball, 6MD)
Batting: RHB Frank Maxwell 0-0: Called Strike
0-1: Ball
1-1: Foul Ball, location: 2F
1-2: Ball
2-2: Ball
3-2: Fly out, F9 (Flyball, 9LS)
Batting: SHB Conan Hanson 0-0: Called Strike
0-1: Fly out, F9 (Flyball, 9D)
Batting: LHB Bruce Foster 0-0: Swinging Strike
0-1: Ball
1-1: Swinging Strike
1-2: Ball
2-2: Fielders Choice at 2nd, 6-4 (Groundball, 6)
Top of the 3rd over - 0 runs, 1 hit, 0 errors, 1 left on base; Intercourse 1 - Rio Grande 4
BOTTOM OF THE 3RD
Rio Grande Rattlesnake batting - Pitching for Intercourse Amish : RHP Andrés Ruíz
Batting: RHB David Suarze 0-0: Ball
1-0: Swinging Strike
1-1: Swinging Strike
1-2: Foul Ball, location: 2F
1-2: Ball
2-2: Ground out 5-3 (Groundball, 56)
Batting: RHB Jeff Bane 0-0: Ball
1-0: Ball
2-0: Swinging Strike
2-1: Ball
3-1: Swinging Strike
3-2: Fly out, F9 (Flyball, 89S)
Batting: LHB Claudio Rodríguez 0-0: Ball
1-0: Foul Ball, location: 2F
1-1: Ball
2-1: Foul Ball, location: 2F
2-2: SOLO HOME RUN (Flyball, 9D), Distance : 376 ft
Batting: RHB Gary Thomas 0-0: Ball
1-0: Called Strike
1-1: DOUBLE (Line Drive, 7LD)
Pitching: LHP Rodrigo Álvarez
Batting: SHB Arnold Moore 0-0: Called Strike
0-1: Ball
1-1: Foul Ball, location: 2F
1-2: Foul Ball, location: 2F
1-2: Strikes out looking
Bottom of the 3rd over - 1 run, 2 hits, 0 errors, 1 left on base; Intercourse 1 - Rio Grande 5
TOP OF THE 4TH
Intercourse Amish batting - Pitching for Rio Grande Rattlesnake : RHP Alejandro Guzmán
Batting: SHB Sean Moody 0-0: Called Strike
0-1: Ball
1-1: Ball
2-1: Foul Ball, location: 2F
2-2: Ball
3-2: Fly out, F8 (Line Drive, 89D)
Batting: RHB Curt Wagner 0-0: SINGLE (Groundball, 56D)
Batting: LHB Carlos De La Rosa 0-0: Called Strike
0-1: Ball
Wild Pitch!
Curt Wagner to second
1-1: Foul Ball, location: 2F
1-2: Ball
2-2: SINGLE (Line Drive, 9S)
Curt Wagner to third
Runner from 3rd tries for Home, SAFE, no throw
Batting: RHB Holden Davis 0-0: Called Strike
0-1: Grounds into double play, 6-4-3 (Groundball, 6)
Top of the 4th over - 1 run, 2 hits, 0 errors, 0 left on base; Intercourse 2 - Rio Grande 5
BOTTOM OF THE 4TH
Rio Grande Rattlesnake batting - Pitching for Intercourse Amish : LHP Rodrigo Álvarez
Batting: LHB Pedro Díaz 0-0: Ball
1-0: Ball
2-0: Foul Ball, location: 2F
2-1: Foul Ball, location: 2F
2-2: Strikes out swinging
Batting: RHB Doug Delaney 0-0: Foul Ball, location: 2F
0-1: Ball
1-1: Ball
2-1: SINGLE (Flyball, 78M)
Batting: RHB Derek Hartman 0-0: Called Strike
0-1: Called Strike
0-2: Foul Ball, location: 2F
0-2: Ball
1-2: Ball
2-2: 2-RUN HOME RUN (Flyball, 7LD), Distance : 324 ft
Batting: LHB Alberto Roberts 0-0: Foul Ball, location: 2F
0-1: Foul Ball, location: 2F
0-2: Strikes out swinging
Batting: RHB David Suarze 0-0: Called Strike
0-1: Fly out, F9 (Flyball, 9S)
Bottom of the 4th over - 2 runs, 2 hits, 0 errors, 0 left on base; Intercourse 2 - Rio Grande 7
TOP OF THE 5TH
Intercourse Amish batting - Pitching for Rio Grande Rattlesnake : RHP Alejandro Guzmán
Batting: RHB Júlio Serra 0-0: Called Strike
0-1: Foul Ball, location: 2F
0-2: SINGLE (Groundball, 34D)
Batting: RHB Gustavo Rodríguez 0-0: Called Strike
0-1: Called Strike
0-2: Fly out, F9 (Flyball, 89D)
Batting: RHB Frank Maxwell 0-0: Ball
1-0: Ball
2-0: Ball
3-0: Called Strike
3-1: Swinging Strike
3-2: Strikes out looking
Batting: SHB Conan Hanson 0-0: Called Strike
Júlio Serra steals 2nd base
0-1: Called Strike
0-2: Ball
1-2: Ball
2-2: Foul Ball, location: 2F
2-2: Foul Ball, location: 2F
2-2: Ball
3-2: Base on Balls
Batting: LHB Bruce Foster 0-0: Called Strike
0-1: Ball
1-1: Ball
2-1: Fielders Choice at 2nd, 5-4 (Groundball, 5)
Top of the 5th over - 0 runs, 1 hit, 0 errors, 2 left on base; Intercourse 2 - Rio Grande 7
BOTTOM OF THE 5TH
Rio Grande Rattlesnake batting - Pitching for Intercourse Amish : LHP Rodrigo Álvarez
Batting: RHB Jeff Bane 0-0: Called Strike
0-1: Ball
1-1: SINGLE (Line Drive, 6MD)
Batting: LHB Claudio Rodríguez 0-0: Ball
1-0: Called Strike
1-1: Ball
2-1: Ball
3-1: Base on Balls
Jeff Bane to second
Batting: RHB Gary Thomas 0-0: Swinging Strike
0-1: Swinging Strike
0-2: Foul Ball, location: 2F
0-2: Ball
1-2: Strikes out swinging
Batting: SHB Arnold Moore 0-0: Grounds into double play, U3-6 (Groundball, 3L)
Bottom of the 5th over - 0 runs, 1 hit, 0 errors, 1 left on base; Intercourse 2 - Rio Grande 7
TOP OF THE 6TH
Intercourse Amish batting - Pitching for Rio Grande Rattlesnake : RHP Alejandro Guzmán
Batting: SHB Sean Moody 0-0: Ball
1-0: Swinging Strike
1-1: Called Strike
1-2: Ball
2-2: Ball
3-2: Foul Ball, location: 2F
3-2: Base on Balls
Pitching: RHP Sterling Caldwell
Batting: RHB Curt Wagner 0-0: Foul Ball, location: 2F
0-1: Called Strike
0-2: Foul Ball, location: 2F
0-2: Foul Ball, location: 2F
0-2: Ball
1-2: Ball
2-2: Ball
3-2: Base on Balls
Sean Moody to second
Batting: LHB Carlos De La Rosa 0-0: Called Strike
0-1: Called Strike
0-2: Ball
1-2: Fly out, F5 (Popup, 5)
Batting: RHB Holden Davis 0-0: Ball
1-0: Grounds into double play, 6-4-3 (Groundball, 6M)
Top of the 6th over - 0 runs, 0 hits, 0 errors, 1 left on base; Intercourse 2 - Rio Grande 7
BOTTOM OF THE 6TH
Rio Grande Rattlesnake batting - Pitching for Intercourse Amish : LHP Rodrigo Álvarez
Pitching: RHP David Nanod
Batting: LHB Pedro Díaz 0-0: Ball
1-0: Ball
2-0: Foul Ball, location: 2F
2-1: Swinging Strike
2-2: Ground out 3-1 (Groundball, 34S)
Batting: RHB Doug Delaney 0-0: Ball
1-0: Ball
2-0: Ball
3-0: Called Strike
3-1: Swinging Strike
3-2: Foul Ball, location: 2F
3-2: Fly out, F8 (Flyball, 8LS)
Batting: RHB Derek Hartman 0-0: Ball
1-0: Ball
2-0: Ball
3-0: Called Strike
3-1: Base on Balls
Batting: LHB Alberto Roberts 0-0: Ball
1-0: Swinging Strike
1-1: Fly out, F7 (Flyball, 7)
Bottom of the 6th over - 0 runs, 0 hits, 0 errors, 1 left on base; Intercourse 2 - Rio Grande 7
TOP OF THE 7TH
Intercourse Amish batting - Pitching for Rio Grande Rattlesnake : RHP Sterling Caldwell
Batting: RHB Júlio Serra 0-0: Called Strike
0-1: Ball
1-1: Called Strike
1-2: Ball
2-2: Strikes out swinging
Batting: RHB Gustavo Rodríguez 0-0: Fly out, F8 (Flyball, 78D)
Pitching: RHP Nelson Britt
Batting: RHB Frank Maxwell 0-0: Foul Ball, location: 2F
0-1: Fly out, F7 (Flyball, 7)
Top of the 7th over - 0 runs, 0 hits, 0 errors, 0 left on base; Intercourse 2 - Rio Grande 7
BOTTOM OF THE 7TH
Rio Grande Rattlesnake batting - Pitching for Intercourse Amish : RHP David Nanod
Batting: RHB David Suarze 0-0: Ball
1-0: Swinging Strike
1-1: Ball
2-1: Called Strike
2-2: Foul Ball, location: 2F
2-2: Foul Ball, location: 2F
2-2: Foul Ball, location: 2F
2-2: Ball
3-2: Foul Ball, location: 2F
3-2: Base on Balls
Batting: RHB Jeff Bane 0-0: Ball
David Suarze steals 2nd base
1-0: Ball
David Suarze steals 3rd base
2-0: Ball
3-0: Base on Balls
Batting: LHB Claudio Rodríguez 0-0: Ball
1-0: Called Strike
1-1: Ball
2-1: Foul Ball, location: 2F
2-2: Ball
3-2: Foul Ball, location: 2F
3-2: Strikes out swinging
Jeff Bane steals 2nd base
Batter strikes out.
Batting: RHB Gary Thomas 0-0: Ball
1-0: Foul Ball, location: 2F
1-1: Ball
2-1: SINGLE (Line Drive, 4)
David Suarze scores
Jeff Bane to third
Batting: SHB Arnold Moore 0-0: Ball
1-0: Ball
2-0: Swinging Strike
2-1: Reached via error on a dropped throw, E6
Jeff Bane scores
Gary Thomas to second
Batting: LHB Pedro Díaz 0-0: Fly out, F7 (Flyball, 7D)
Batting: RHB Doug Delaney 0-0: Ball
1-0: Ball
2-0: Ball
3-0: Called Strike
3-1: Foul Ball, location: 2F
3-2: Foul Ball, location: 2F
3-2: Ground out 3-1 (Groundball, 34)
Bottom of the 7th over - 2 runs, 1 hit, 1 error, 2 left on base; Intercourse 2 - Rio Grande 9
TOP OF THE 8TH
Intercourse Amish batting - Pitching for Rio Grande Rattlesnake : RHP Nelson Britt
Now in RF: Justin Holland
Batting: SHB Conan Hanson 0-0: Ball
1-0: Ball
2-0: Ball
3-0: Called Strike
3-1: Base on Balls
Batting: LHB Bruce Foster 0-0: Foul Ball, location: 2F
0-1: Ball
1-1: Ball
2-1: Foul Ball, location: 2F
2-2: Foul Ball, location: 2F
2-2: DOUBLE (Groundball, 3L)
Conan Hanson to third
Batting: SHB Sean Moody 0-0: Ball
1-0: Foul Ball, location: 2F
1-1: Called Strike
1-2: Ball
2-2: Strikes out swinging
Batting: RHB Curt Wagner 0-0: Called Strike
0-1: Ball
1-1: Swinging Strike
1-2: Ball
2-2: Foul Ball, location: 2F
2-2: Foul Ball, location: 2F
2-2: Ball
3-2: Strikes out swinging
Batting: LHB Carlos De La Rosa 0-0: Ball
1-0: Fly out, F8 (Flyball, 8RXD)
Top of the 8th over - 0 runs, 1 hit, 0 errors, 2 left on base; Intercourse 2 - Rio Grande 9
BOTTOM OF THE 8TH
Rio Grande Rattlesnake batting - Pitching for Intercourse Amish : RHP David Nanod
Batting: RHB Derek Hartman 0-0: Ball
1-0: Ball
2-0: Called Strike
2-1: Ball
3-1: Foul Ball, location: 2F
3-2: SOLO HOME RUN (Flyball, 7D), Distance : 357 ft
Batting: LHB Alberto Roberts 0-0: Called Strike
0-1: Foul Ball, location: 2F
0-2: SOLO HOME RUN (Flyball, 9LD), Distance : 325 ft
Batting: RHB David Suarze 0-0: Called Strike
0-1: Ball
1-1: Ball
2-1: Fly out, F7 (Line Drive, 78M)
Pitching: RHP Joe Bell
Batting: RHB Jeff Bane 0-0: Ball
1-0: Ground out 4-3 (Groundball, 4)
Batting: LHB Claudio Rodríguez 0-0: Ball
1-0: Ball
2-0: Ball
3-0: Base on Balls
Pinch Hitting: SHB William Daly 0-0: Foul Ball, location: 2F
0-1: Foul Ball, location: 2F
0-2: Ball
1-2: Foul Ball, location: 2F
1-2: Ground out 5-3 (Groundball, 56S)
Bottom of the 8th over - 2 runs, 2 hits, 0 errors, 1 left on base; Intercourse 2 - Rio Grande 11
TOP OF THE 9TH
Intercourse Amish batting - Pitching for Rio Grande Rattlesnake : RHP Nelson Britt
Now at C: Cristián Román
Now at 3B: Juan Gonzáles
Now at SS: Geomar Dalsoglio
Batting: RHB Holden Davis 0-0: Ground out 6-3 (Groundball, 6)
Batting: RHB Júlio Serra 0-0: Ball
1-0: Ball
2-0: Called Strike
2-1: Foul Ball, location: 2F
2-2: Ball
3-2: Base on Balls
Batting: RHB Gustavo Rodríguez 0-0: Ball
1-0: Foul Ball, location: 2F
1-1: Ground out 5-3 (Groundball, 56S)
Júlio Serra to second
Batting: RHB Frank Maxwell 0-0: Ball
1-0: Ball
2-0: Called Strike
2-1: SINGLE (Groundball, 6MD)
Júlio Serra to third
Batting: SHB Conan Hanson 0-0: Called Strike
0-1: Ball
1-1: SINGLE (Groundball, 3D)
Júlio Serra scores
Frank Maxwell to second
Batting: LHB Bruce Foster 0-0: Ball
1-0: Called Strike
1-1: Foul Ball, location: 2F
1-2: Foul Ball, location: 2F
1-2: Ball
2-2: Foul Ball, location: 2F
2-2: Foul Ball, location: 2F
2-2: Foul Ball, location: 2F
2-2: Fly out, F8 (Flyball, 8LD)
Top of the 9th over - 1 run, 2 hits, 0 errors, 2 left on base; Intercourse 3 - Rio Grande 11
Saturday, April 7th, 2018 - OOTP Baseball 18.8 Build 76